 Dungeon Crawl Stone Soup version 0.30.0-18-gc0e69614cb (webtiles) character file.

Game seed: 15277998901776253502

506 monsoonserge the Sneak (level 7, -1/32 HPs)
             Began as a Vine Stalker Enchanter on May 23, 2023.
             Was an Initiate of Wu Jian.
             Slain by a vampire (6 damage)
             ... on level 5 of the Dungeon on May 24, 2023.
             The game lasted 00:16:15 (3564 turns).

monsoonserge the Sneak (Vine Stalker Enchanter)     Turns: 3564, Time: 00:16:16

Health: -1/32      AC:  5    Str: 11    XL:     7   Next: 18%
Magic:  0/12       EV: 12    Int: 17    God:    Wu Jian [......]
Gold:   379        SH:  0    Dex: 14    Spells: 2/12 levels left

rFire   . . .        a - +1 dagger
rCold   . . .        (no shield)
rNeg    . . .        m - +1 robe {Will+}
rPois   +            (no helmet)
rElec   .            j - +0 cloak
rCorr   .            (no gloves)
SInv    .            z - +0 pair of boots
Will    +....        (no amulet)
Stlth   +++          g - ring of poison resistance
HPRegen 1.05/turn    (no ring)
MPRegen 0.13/turn

%: guardian spirit
@: confusing by touch, invisible
A: fangs 2, regeneration 1, magic shield, antimagic bite, no potion heal 2
a: Renounce Religion


You were on level 5 of the Dungeon.
You worshipped Wu Jian.
Wu Jian was noncommittal.
You visited 2 branches of the dungeon, and saw 6 of its levels.

You collected 379 gold pieces.

Inventory:

Hand Weapons
 a - a +1 dagger (weapon)
Missiles
 s - 4 boomerangs (quivered)
Armour
 j - a +0 cloak (worn)
 m - a +1 robe of willpower (worn)
 y - the +2 chain mail "Icootimoer" {Dex+3}
   (You found it on level 4 of the Dungeon)

   Dex:       It affects your dexterity (+3).
 z - a +0 pair of boots (worn)
Jewellery
 g - a ring of poison resistance (left hand)
Scrolls
 b - 3 scrolls of teleportation {unknown}
 e - a scroll of summoning {unknown}
 f - a scroll of enchant weapon {unknown}
 h - a scroll of magic mapping {unknown}
 k - 7 scrolls of identify {unknown}
 o - 2 scrolls of brand weapon {unknown}
 p - a scroll of amnesia {unknown}
 q - a scroll of noise {unknown}
 u - a scroll of torment {unknown}
 x - a scroll of acquirement {unknown}
Potions
 d - 3 potions of might {unknown}
 i - a potion of mutation {unknown}
 l - 3 potions of curing
 n - 3 potions of flight {unknown}
 r - 2 potions of haste {unknown}
 t - a potion of magic {unknown}
 v - a potion of attraction {unknown}
 w - a potion of ambrosia {unknown}


   Skills:
 + Level 0.3 Fighting
 + Level 2.3 Short Blades
 - Level 1.0 Armour
 + Level 2.1 Dodging
 + Level 6.9 Stealth
 + Level 3.1 Spellcasting
 * Level 0.4 Conjurations
 + Level 3.9 Hexes
 + Level 2.0 Translocations
 * Level 1.0 Ice Magic


You had 2 spell levels left.
You knew the following spells:

 Your Spells              Type           Power      Damage    Failure   Level
a - Ensorcelled Hibernat  Hex/Ice        20%        N/A       10%         2
b - Confusing Touch       Hex            15%        N/A       11%         3
c - Blink                 Tloc           18%        N/A       12%         2
d - Dazzling Flash        Conj/Hex       20%        N/A       22%         3

Your spell library contained the following spells:

 Spells                   Type           Power      Damage    Failure   Level
 Lesser Beckoning         Tloc           18%        N/A       12%         2
 Momentum Strike          Conj/Tloc      12%        3d8       16%         2
 Tukima's Dance           Hex            15%        N/A       11%         3
 Summon Guardian Golem    Hex/Summ       9%         N/A       24%         3
 Orb of Destruction       Conj           2%         9d5       100%        7
 Spellforged Servitor     Conj/Summ      1%         N/A       100%        7


Dungeon Overview and Level Annotations

Branches:
Dungeon (5/15)             Temple (1/1) D:5

Altars:
Ashenzari
Cheibriados
Dithmenos
Fedhas
Gozag
Hepliaklqana
Kikubaaqudgha
Makhleb
Nemelex Xobeh
Okawaru
Ru
Trog
Uskayaw
Vehumet
Wu Jian
Xom
Yredelemnul
Zin
The Shining One

Shops:
D:4 *:(


Innate Abilities, Weirdness & Mutations

You have extremely sharp teeth.
Your natural rate of healing is unusually fast.
When hurt, damage is shared between your health and your magic reserves.
Your bite disrupts and absorbs the magic of your enemies.
Potions cannot restore your health.


Message History

Press ? for a list of commands and other information.
You climb downwards.
There is a stone staircase leading up here.
You lunge at the phantom.
The helpless phantom fails to defend itself.
You skewer the phantom like a kebab!!!
You destroy the phantom!
The Council accepts your kill.
Your Translocations skill increases to level 2!
Cast which spell? (? or * to list)
Okay, then.
Okay, then.
Cast which spell? (? or * to list)
Okay, then.
Unknown command.
Unknown command.
The vampire mumbles some strange words.
The vampire flickers and vanishes!
Deactivating autopickup; reactivate with Ctrl-A.
You hear an angry hiss.
Something hits you but does no damage. Something bites you!
Something draws strength from your injuries!
The ogre shouts!
You hit something but do no damage. Something hits you but does no damage.
Something bites you but does no damage.
Cast which spell? (? or * to list)
The spell is quite dangerous to miscast (11% risk of failure)!
Continue anyway?
Your hands begin to glow red.
Something hits you. Something bites you!
Something draws strength from your injuries!
You hit something but do no damage. Your bite misses something.
Something hits you but does no damage. Something bites you!
Something draws strength from your injuries!
Okay, then.
Okay, then.
You fade into invisibility!
Something hits you but does no damage. Something bites you!
* * * LOW HITPOINT WARNING * * *
Something draws strength from your injuries!
Something hits you.
You die...

.. ..... ........# ###
... #....##.........
#.......
....#..........
.......
#.....##....... .....#
###.........## .
.....##
##....#O......# ..
.....###.#...S..##...#
...###..#......{..## #
.....#....##..@####
#.......##.#...#
#........#.#.###
#.#.......#..#
#.........####
#######...# #...#
##.## #<#


You could see an ogre (unable to see you) and an adder (wandering, unable to see
you).

Vanquished Creatures
  An ice beast (D:5)
  A phantom (D:5)
  A scorpion (D:5)
  A howler monkey (D:5)
  A gnoll bouda (D:5)
  Jessica (D:2)
  An orc wizard (D:4)
  4 adders
  2 gnolls
  3 worms
  6 dart slugs
  5 orcs
  9 ball pythons
  5 bats
  6 endoplasms
  2 giant cockroaches
  6 goblins
  7 hobgoblins
  7 jackals
  5 kobolds
  4 quokkas
  6 rats
84 creatures vanquished.

Notes
Turn   | Place    | Note
-------+----------+-------------------------------------------
     0 | D:1      | monsoonserge the Vine Stalker Enchanter began the quest for
                  | the Orb.
     0 | D:1      | Reached XP level 1. HP: 9/9 MP: 4/4
    72 | D:1      | Reached skill level 4 in Stealth
   128 | D:1      | Reached XP level 2. HP: 13/13 MP: 6/6
   139 | D:1      | Learned a level 2 spell: Ensorcelled Hibernation
   304 | D:1      | Found a faded altar of an unknown god.
   375 | D:1      | Reached XP level 3. HP: 13/16 MP: 7/7
   540 | D:1      | Reached skill level 1 in Short Blades
   911 | D:2      | Noticed Jessica
   934 | D:2      | Found a glowing silver altar of Zin.
   936 | D:2      | Killed Jessica
   937 | D:2      | Reached skill level 1 in Armour
   937 | D:2      | Gained mutation: Your natural rate of healing is unusually
                  | fast. [Vine Stalker growth]
   937 | D:2      | Reached XP level 4. HP: 3/21 MP: 1/8
  1153 | D:2      | Reached skill level 1 in Ice Magic
  1174 | D:2      | Learned a level 3 spell: Confusing Touch
  1771 | D:3      | Found a basalt altar of Yredelemnul.
  1785 | D:3      | Reached skill level 5 in Stealth
  1918 | D:3      | Reached XP level 5. HP: 24/24 MP: 9/9
  2076 | D:3      | Learned a level 2 spell: Blink
  2514 | D:4      | Found Uzxetzo's General Store.
  2693 | D:4      | Reached skill level 1 in Translocations
  2750 | D:4      | Found Mawkom's Book Shop.
  2762 | D:4      | Identified the +2 chain mail "Icootimoer" {Dex+3}
  2872 | D:4      | Found an ornate altar of the Wu Jian Council.
  2940 | D:4      | Found Lukh's Weapon Emporium.
  3075 | D:5      | Entered Level 5 of the Dungeon
  3078 | D:5      | Reached XP level 6. HP: 28/28 MP: 11/11
  3092 | D:5      | Noticed an ice beast
  3104 | D:5      | Killed an ice beast
  3105 | D:5      | Reached skill level 6 in Stealth
  3109 | D:5      | Learned a level 3 spell: Dazzling Flash
  3155 | D:5      | Found a staircase to the Ecumenical Temple.
  3161 | Temple   | Entered the Ecumenical Temple
  3416 | D:4      | Became a worshipper of the Wu Jian Council
  3440 | D:5      | Noticed a vampire
  3454 | D:4      | Reached XP level 7. HP: 32/32 MP: 1/12
  3564 | D:5      | Slain by a vampire

Illustrated notes

Levels and vault maps discovered:
D:1:      evilmike_arrival_plus, layout_rooms, chequers_ecumenical_altar_twisty,
          columned_hall_lemuel, nicolae_titane
D:2:      layout_rooms, basic_altar, uniq_jessica
D:3:      layout_rooms, mainiacjoe_overflow_chevrons, guppyfry_early_lair_pool
D:4:      layout_loops_ring, nicolae_wu_jian_glorious_leap, serial_shops, shop,
          nicolae_shop_back_alley_shop, shop, minmay_misc_feat_rows,
          kennysheep_dice
D:5:      layout_cave_pools, minmay_temple_entry_enclosed_plants
Temple:   minmay_crystal_spiral_temple

Skill      XL: |  1  2  3  4  5  6  7 |
---------------+----------------------+-----
Stealth        | 4 5 6 |  6.9
Short Blades   | 1 2 |  2.3
Armour         | 1 |  1.0
Dodging        | 2 |  2.1
Ice Magic      | 1 |  1.0
Translocations | 1 2 |  2.0
Spellcasting   | 3 |  3.1
Fighting       | |  0.3
Conjurations   | |  0.4
Hexes          | |  3.9

Action                     |  1- 3 |  4- 6 |  7- 9 || total
---------------------------+-------+-------+-------++-------
  Melee: Dagger            |    79 |    86 |     3 ||   168
         Bite              |    16 |    11 |       ||    27
         Punch             |     1 |       |       ||     1
   Cast: Ensorcelled Hiber |    14 |    32 |       ||    46
         Dazzling Flash    |       |     1 |       ||     1
         Confusing Touch   |       |       |     1 ||     1
Ability: Lunge             |       |     1 |     1 ||     2
    Use: Potion            |     1 |       |     1 ||     2
   Stab: Sleeping          |    14 |    37 |     1 ||    52
         Invisible         |     1 |     1 |       ||     2
         Distracted        |       |     1 |       ||     1
 Armour: Robe              |     2 |    21 |     5 ||    28
         Leather armour    |    13 |       |       ||    13
  Dodge: Dodged            |    49 |    58 |       ||   107
